 Dungeon Crawl Stone Soup version 0.30.1-11-g7821555f0a (webtiles) character file.

Game seed: 9050745656791381937

45 GimliDwarf the Grasshopper (level 3, 0/31 HPs)
             Began as a Gnoll Warper on Jan 9, 2024.
             Succumbed to Crazy Yiuf's poison
             ... on level 2 of the Dungeon.
             The game lasted 00:04:49 (1450 turns).

GimliDwarf the Grasshopper (Gnoll Warper)           Turns: 1450, Time: 00:04:50

Health: 0/31       AC:  4    Str: 10    XL:     3   Next: 64%
Magic:  9/9        EV: 13    Int: 12    God:
Gold:   102        SH:  0    Dex: 13    Spells: 7/12 levels left

rFire   . . .        a - +0 falchion
rCold   . . .        (no shield)
rNeg    . . .        b - +0 leather armour
rPois   .            (no helmet)
rElec   .            n - scarf {repulsion}
rCorr   .            o - +0 pair of gloves
SInv    .            (no boots)
Will    .....        (no amulet)
Stlth   +            (no ring)
HPRegen 0.25/turn    (no ring)
MPRegen 0.11/turn

%: repel missiles
@: lethally poisoned (0 -> -3)
A: fangs 1, strong nose, distributed training
a: no special abilities


You were on level 2 of the Dungeon.
You visited 1 branch of the dungeon, and saw 2 of its levels.

You collected 102 gold pieces.

Inventory:

Hand Weapons
 a - a +0 falchion (weapon)
Missiles
 d - 6 boomerangs of dispersal
 l - a javelin (quivered)
Armour
 b - a +0 leather armour (worn)
 n - a scarf of repulsion (worn)
 o - a +0 pair of gloves (worn)
Scrolls
 e - 2 scrolls of identify {unknown}
 f - a scroll of noise {unknown}
 m - a scroll of fear {unknown}
Potions
 g - 2 potions of curing {unknown}
 h - a potion of cancellation {unknown}
 i - 3 potions of brilliance {unknown}
 j - a potion of flight {unknown}
 p - a potion of resistance {unknown}
 q - a potion of attraction {unknown}


   Skills:
 + Level 4.6 Fighting
 + Level 1.0 Short Blades
 + Level 4.6 Long Blades
 + Level 1.0 Axes
 + Level 1.0 Maces & Flails
 + Level 1.0 Polearms
 + Level 1.0 Staves
 + Level 1.0 Ranged Weapons
 + Level 2.6 Throwing
 + Level 2.6 Armour
 + Level 4.6 Dodging
 + Level 1.0 Stealth
 + Level 1.0 Shields
 + Level 1.0 Unarmed Combat
 + Level 5.0 Spellcasting
 + Level 0.7 Conjurations
 + Level 0.7 Hexes
 + Level 0.7 Summonings
 + Level 0.7 Necromancy
 + Level 5.4 Translocations
 + Level 0.7 Transmutations
 + Level 0.7 Fire Magic
 + Level 0.7 Ice Magic
 + Level 0.7 Air Magic
 + Level 0.7 Earth Magic
 + Level 0.7 Poison Magic
 + Level 1.0 Invocations
 + Level 1.0 Evocations


You had 7 spell levels left.
You knew the following spells:

 Your Spells              Type           Power      Damage    Failure   Level
a - Blink                 Tloc           32%        N/A       4%          2
b - Vhi's Electric Charg  Tloc/Air       20%        N/A       22%         3

Your spell library contained the following spells:

 Spells                   Type           Power      Damage    Failure   Level
 Lesser Beckoning         Tloc           32%        N/A       4%          2
 Teleport Other           Tloc           16%        N/A       9%          3
 Summon Small Mammal      Summ           16%        N/A       21%         1
 Manifold Assault         Tloc           16%        N/A       28%         4
 Call Canine Familiar     Summ           4%         N/A       52%         3
 Ozocubu's Armour         Ice            4%         N/A       52%         3
 Summon Guardian Golem    Hex/Summ       4%         N/A       52%         3
 Metabolic Englaciation   Hex/Ice        2%         N/A       99%         5
 Simulacrum               Ice/Necr       2%         N/A       100%        6


Dungeon Overview and Level Annotations

Branches:
Dungeon (2/15)

Altars:


Innate Abilities, Weirdness & Mutations

You have very sharp teeth.
Your uncanny sense of smell can sniff out nearby items.
Your experience applies equally to all skills.


Message History

Crazy Yiuf is heavily wounded.
Crazy Yiuf misses you.
You hit Crazy Yiuf but do no damage.
Crazy Yiuf is heavily wounded.
Crazy Yiuf closely misses you.
You barely miss Crazy Yiuf.
Crazy Yiuf is heavily wounded.
Crazy Yiuf hits you with a +2 quarterstaff of chaos!
You are poisoned.
You hit Crazy Yiuf but do no damage.
Crazy Yiuf is heavily wounded.
You feel very sick. Crazy Yiuf misses you.
You hit Crazy Yiuf.
Crazy Yiuf is severely wounded.
You feel very sick.
Crazy Yiuf hits you with a +2 quarterstaff of chaos.
You hit Crazy Yiuf. You bite Crazy Yiuf, but do no damage.
Crazy Yiuf is severely wounded.
You feel sick.
Crazy Yiuf hits you with a +2 quarterstaff of chaos.
You barely miss Crazy Yiuf.
Crazy Yiuf is severely wounded.
You feel sick. Crazy Yiuf misses you.
You barely miss Crazy Yiuf.
Crazy Yiuf is severely wounded.
You feel sick.
Crazy Yiuf says, "Goldfish Xom noodlescoop!"
Crazy Yiuf hits you with a +2 quarterstaff of chaos.
* * * LOW HITPOINT WARNING * * *
Crazy Yiuf burns you.
* * * LOW HITPOINT WARNING * * *
Crazy Yiuf barely misses you.
Throw: 2 javelins
Press: ? - help, Q - select action, (/) - cycle Shift-Dir - straight line, f/p - Crazy Yiuf
Aim: Crazy Yiuf, wielding a +2 quarterstaff of chaos and wearing a +0 cloak (severely wounded, 64% to hit)
You throw a javelin.
The javelin hits Crazy Yiuf and shatters for extra damage!
You kill Crazy Yiuf!
You die...

##......## ##........##
############
#..........####..........#
##.................)......#
............####..........#
##..........# #..........#
............# ###.#########
###........####)#.#
#............(.@.#
##........(.####.####
............# #....##
....).[.....#####....#
.#...................#
...........##....#.###
####........>...##.# ##
######.####.###.#
.######...###..# #.###


There were no monsters in sight!

Vanquished Creatures
  Crazy Yiuf (D:2)
  A worm (D:2)
  2 dart slugs (D:1)
  2 ball pythons
  4 bats
  3 endoplasms (D:1)
  A giant cockroach (D:1)
  4 goblins
  5 hobgoblins (D:1)
  3 kobolds (D:1)
  2 quokkas (D:1)
  3 frilled lizards
  2 rats (D:1)
33 creatures vanquished.

Notes
Turn   | Place    | Note
-------+----------+-------------------------------------------
     0 | D:1      | GimliDwarf the Gnoll Warper began the quest for the Orb.
     0 | D:1      | Reached XP level 1. HP: 20/20 MP: 6/6
   140 | D:1      | Reached XP level 2. HP: 26/26 MP: 7/7
   148 | D:1      | Learned a level 2 spell: Blink
   348 | D:1      | Found a faded altar of an unknown god.
   486 | D:1      | Reached skill level 5 in Spellcasting
   486 | D:1      | Reached XP level 3. HP: 24/31 MP: 7/9
   832 | D:2      | Reached skill level 1 in Invocations
  1116 | D:2      | Found a runed translucent door.
  1117 | D:2      | Noticed Crazy Yiuf
  1327 | D:1      | Reached skill level 1 in Short Blades
  1327 | D:1      | Reached skill level 1 in Axes
  1327 | D:1      | Reached skill level 1 in Maces & Flails
  1327 | D:1      | Reached skill level 1 in Polearms
  1327 | D:1      | Reached skill level 1 in Staves
  1327 | D:1      | Reached skill level 1 in Ranged Weapons
  1327 | D:1      | Reached skill level 1 in Stealth
  1327 | D:1      | Reached skill level 1 in Shields
  1327 | D:1      | Reached skill level 1 in Unarmed Combat
  1327 | D:1      | Reached skill level 1 in Evocations
  1387 | D:1      | Learned a level 3 spell: Vhi's Electric Charge
  1450 | D:2      | Killed Crazy Yiuf
  1450 | D:2      | Succumbed to Crazy Yiuf's poison

Illustrated notes

Levels and vault maps discovered:
D:1:      lightli_arrival_noodles, layout_basic,
          shapermc_ecumenical_altar_mp_ritualfount
D:2:      layout_rooms, uniq_crazy_yiuf_cottage

Skill      XL: |  1  2  3 |
---------------+----------+-----
Spellcasting   | 5 |  5.0
Invocations    | 1 |  1.0
Short Blades   | 1 |  1.0
Axes           | 1 |  1.0
Maces & Flails | 1 |  1.0
Polearms       | 1 |  1.0
Staves         | 1 |  1.0
Ranged Weapons | 1 |  1.0
Stealth        | 1 |  1.0
Shields        | 1 |  1.0
Unarmed Combat | 1 |  1.0
Evocations     | 1 |  1.0
Fighting       | |  4.6
Long Blades    | |  4.6
Throwing       | |  2.6
Armour         | |  2.6
Dodging        | |  4.6
Conjurations   | |  0.7
Hexes          | |  0.7
Summonings     | |  0.7
Necromancy     | |  0.7
Translocations | |  5.4
Transmutations | |  0.7
Fire Magic     | |  0.7
Ice Magic      | |  0.7
Air Magic      | |  0.7
Earth Magic    | |  0.7
Poison Magic   | |  0.7

Action                     || total
---------------------------++-------
  Melee: Falchion          ||    89
         Bite              ||     5
         Punch             ||     1
  Throw: Javelin           ||     4
         Boomerang         ||     1
   Cast: Blink             ||     1
    Use: Scroll            ||     1
   Stab: Sleeping          ||     1
 Armour: Leather armour    ||    32
  Dodge: Dodged            ||    95
